 Dungeon Crawl Stone Soup version 0.27-a0-836-gfc908b8576 (webtiles) character file.

Game seed: 7419372728417435645

87 dickylongcocking the Magician (level 4, -1/31 HPs)
             Began as a Djinni Fire Elementalist on Mar 31, 2021.
             Killed by Freeze
             ... generated by an endoplasm
              (3 damage)
             ... on level 2 of the Dungeon.
             The game lasted 00:02:02 (2264 turns).

dickylongcocking the Magician (DjFE)                Turns: 2264, Time: 00:02:03

Health: -1/31      AC:  2    Str:  7    XL:     4   Next: 51%
Gold:   81         EV: 12    Int: 18    God:
                   SH:  0    Dex: 13

rFire    + + .     SeeInvis .   e - +4 club
rCold    x . .     Faith    .   (no shield)
rNeg     . . .     Spirit   .   a - +0 robe
rPois    ∞         Reflect  .   (no helmet)
rElec    .         Harm     .   (no cloak)
rCorr    .         Rampage  .   (no gloves)
Will     .....                  (boots unavailable)
Stlth    ++........             (no amulet)
HPRegen  0.10/turn              (no ring)
MPRegen  0.00/turn              (no ring)

@: flying
A: fire resistance 2, cold vulnerability 1, float, innate caster, hp casting,
extra vitality 1
a: no special abilities


You were on level 2 of the Dungeon.
You visited 1 branch of the dungeon, and saw 2 of its levels.

You collected 81 gold pieces.

Inventory:

Hand Weapons
 d - a +0 dagger
 e - a +4 club (weapon)
Missiles
 h - 68 stones
Armour
 a - a +0 robe (worn)
Potions
 b - a potion of curing {unknown}
 c - a potion of brilliance {unknown}
 i - a potion of invisibility {unknown}


   Skills:
 - Level 2.2 Dodging
 - Level 1.8 Stealth
 * Level 4.3 Spellcasting


You couldn't memorise any spells.
You knew the following spells:

 Your Spells              Type           Power      Damage    Failure   Level
a - Foxfire               Conj/Fire      76%        2x1d7     2%          1
b - Conjure Flame         Conj/Fire      19%        6-21      8%          3
c - Inner Flame           Hex/Fire       19%        N/A       8%          3
d - Sticky Flame          Conj/Fire      19%        2d4       24%         4
e - Fireball              Conj/Fire      9%         3d6       56%         5
f - Sandblast             Erth           38%        2d10      2%          1
Your spell library was empty.

Dungeon Overview and Level Annotations

Branches:
Dungeon (2/15)

Altars:

Annotations:
D:2 Robin, Terence


Innate Abilities, Weirdness & Mutations

You are immune to poison.
Your flesh is very heat resistant. (rF++)
You are vulnerable to cold. (rC-)
You float through the air rather than walking.
You learn spells naturally, not from books.
Your magical power is your life essence.
You have superior vitality. (+4 HP)


Message History

Unknown command.
An endoplasm comes into view.
Found 10 poisoned darts.
Unknown command.
As you read the scroll labelled AGIEPUBRUO, it crumbles to dust.
You hear a loud clanging noise!
It was a scroll of noise.
The endoplasm quivers.
You hear a shout! x2
As you read the scroll labelled RENNICKU EMUCO, it crumbles to dust.
It is a scroll of amnesia.
You feel forgetful for a moment. The dart slug barely misses you.
Unknown command.
As you read the scroll labelled FOAR ALOFIKYT, it crumbles to dust.
You speak a Word of immense power!
It was a scroll of holy word.
Unknown command.
As you read the scroll labelled HES UCVEGAOFES, it crumbles to dust.
It is a scroll of enchant weapon.
Your +3 club glows red for a moment.
The dart slug misses you.
Terence hits you with a +2 short sword of flaming.
The dart slug launches a dart at you. The slug dart hits you.
Casting: Foxfire (safe; 2% risk of failure)
Confirm with . or Enter, or press ? or * to list all spells.
Okay, then.
Casting: Foxfire (safe; 2% risk of failure)
Confirm with . or Enter, or press ? or * to list all spells.
The spell is quite dangerous to cast (8% risk of failure)!
Continue anyway?
Okay, then.
The endoplasm hits you.
Terence says, "Time to say good-bye..."
Terence says, "Time to say good-bye..."
Terence hits you with a +2 short sword of flaming!
* * * LOW HITPOINT WARNING * * *
Terence burns you.
* * * LOW HITPOINT WARNING * * *
Robin drinks a potion.
Robin seems to grow stronger.
The endoplasm freezes you.
You are frozen.
You feel a terrible chill!
You die...

######## #......#
##### #.....(# #.#.#
#......# #....
#......# #.#..
#..@...#########....
#..J@...............
#..w.g.#########....
#......# ........
#......# #####...
#......# #@#.
######## #... ##..
##)


You could see Terence, Robin (strong), a dart slug and an endoplasm.

Vanquished Creatures
  A gnoll (D:1)
  3 adders (D:2)
  A worm (D:2)
  A dart slug (D:2)
  3 ball pythons
  3 endoplasms
  2 giant cockroaches (D:2)
  9 goblins (D:2)
  3 hobgoblins
  9 jackals
  A bat (D:1)
  2 frilled lizards
  2 kobolds (D:1)
40 creatures vanquished.

Vanquished Creatures (others)
  136 foxfires
136 creatures vanquished.

Grand Total: 176 creatures vanquished

Notes
Turn   | Place    | Note
-------+----------+-------------------------------------------
     0 | D:1      | dickylongcocking the Djinni Fire Elementalist began the
                  | quest for the Orb.
     0 | D:1      | Reached XP level 1. HP: 15/15 MP: 0/0
   310 | D:1      | Reached skill level 3 in Spellcasting
   310 | D:1      | Reached XP level 2. HP: 7/21 MP: 0/0
   620 | D:1      | You are sucked into a shaft and drop 1 floor!
   868 | D:2      | Reached XP level 3. HP: 21/25 MP: 0/0
   868 | D:2      | Learned a level 1 spell: Sandblast
  1881 | D:2      | Reached XP level 4. HP: 26/31 MP: 0/0
  1973 | D:2      | Reached skill level 4 in Spellcasting
  2241 | D:2      | Noticed Robin
  2243 | D:2      | Noticed Terence
  2264 | D:2      | Killed from afar by an endoplasm

Illustrated notes

Levels and vault maps discovered:
D:1:      wander_arrival_desolate, layout_loops_cross,
          minmay_misc_feat_more_columns
D:2:      layout_rooms, uniq_robin, uniq_terence

Skill      XL: |  1  2  3  4 |
---------------+-------------+-----
Spellcasting   | 3 4 |  4.3
Dodging        | |  2.2
Stealth        | |  1.8

Action                   |  1- 3 |  4- 6 || total
-------------------------+-------+-------++-------
Melee: Unarmed           |     6 |       ||     6
       Club              |     7 |       ||     7
 Cast: Foxfire           |    65 |    30 ||    95
       Inner Flame       |       |     2 ||     2
  Use: Scroll            |       |     4 ||     4
Armor: Robe              |     5 |     2 ||     7
Dodge: Dodged            |    21 |     5 ||    26

Table legend: (Time is in decaauts)
 A = Elapsed time spent in this place.
 B = Non-inter-level travel time spent in this place.
 C = Inter-level travel time spent in this place.
 D = Time resting spent in this place.
 E = Time spent auto-exploring this place.
 F = Levels seen in this place.
 G = Mean time per level.
                   A        B        C        D        E       F      G
               +--------+--------+--------+--------+--------+-----+--------+
         Total |   2265 |   2240 |     25 |    372 |   1633 |   2 | 1132.5 |
       Dungeon |   2265 |   2240 |     25 |    372 |   1633 |   2 | 1132.5 |
               +--------+--------+--------+--------+--------+-----+--------+

Top non-repeatable levels by time:
     D:1: 1390 daAuts
     D:2: 875 daAuts
